AoeStats
← FJL

Arabia

510436914Analyzed
1v1 RM · 2d ago on Oct 1, 2026· 44m 53s· 2 players
Game mode
Random Map
Map size
Tiny (2 player)
Population
200
Speed
Normal
Resources
Standard
Victory
Conquest
Starting age
Dark Age
Ending age
Imperial Age
RankedLock teamsTeams togetherTeam positionsShared explorationLock speedFull tech treeHidden civsTurbo modeCheats
Victory
Defeat
🇦🇷 Vietnamese · Argentina
1818
+12
🇲🇽 Tatars · Mexico
1724
-12
ELEG | Huitzilopochtli
5:11 Loom
8:49 Feudal Age
9:35 Double-Bit Axe
14:57 Fletching
18:16 Padded Archer Armor
22:41 Castle Age
21:29 Bloodlines
22:10 Gold Mining
23:19 Bodkin Arrow
22:47 Elite Skirmisher
24:15 Leather Archer Armor
25:35 Horse Collar
28:12 Town Watch
30:52 Scale Barding Armor
32:35 Ballistics
33:50 Wheelbarrow
37:09 Imperial Age
34:30 Town Watch
35:28 Husbandry
36:29 Chain Barding Armor
38:57 Plate Barding Armor
38:38 Forging
40:48 Chemistry
39:51 Bracer
40:24 Ring Archer Armor
40:39 Light Cavalry
43:05 Hussar
43:57 Forging
FJL
6:17 Loom
9:14 Feudal Age
9:18 Man-at-Arms
14:21 Double-Bit Axe
17:28 Fletching
18:37 Wheelbarrow
21:40 Castle Age
19:45 Horse Collar
20:55 Gold Mining
21:29 Padded Archer Armor
21:42 Elite Skirmisher
22:18 Bodkin Arrow
23:17 Bow Saw
25:42 Leather Archer Armor
28:07 Town Watch
28:37 Hand Cart
29:14 Ballistics
30:57 Stone Mining
34:41 Imperial Age
35:33 Bracer
36:34 Chemistry
38:22 Ring Archer Armor
39:36 Thumb Ring
43:11 Elite Rattan Archer
Connection lost

Rejoining the realm…

Still unreachable

The connection could not be restored.

Session expired

The server has moved on; the page needs a fresh start.